 Dungeon Crawl Stone Soup version 0.28.0-45-g0d030f2227 (webtiles) character file.

Game seed: 6414235499250989909

931 zeratav the Insei (level 8, 0/59 HPs)
             Began as an Octopode Transmuter on Apr 13, 2022.
             Was an Initiate of Ashenzari.
             Succumbed to a water moccasin's poison
             ... on level 5 of the Dungeon.
             The game lasted 00:06:13 (5798 turns).

zeratav the Insei (Octopode Transmuter)             Turns: 5798, Time: 00:06:13

Health: 0/59       AC:  1    Str: 10    XL:     8   Next: 11%
Magic:  8/11       EV: 18    Int: 17    God:    Ashenzari [......]
Gold:   136        SH:  0    Dex: 14    Spells: 7/11 levels left

rFire   + . .      SeeInvis .   g - +2 dagger (elec) {short}
rCold   + . .      Faith    .   (no shield)
rNeg    . . .      Spirit   .   (helmet restricted)
rPois   +          Reflect  .   (no amulet)
rElec   +          Harm     .   n - +4 ring of evasion
rCorr   +          Rampage  .   (no ring)
Will    .....                   (no ring)
Stlth   ++++......              (no ring)
HPRegen 0.19/turn               (no ring)
MPRegen 0.12/turn               (no ring)
                                (no ring)
                                (no ring)

@: lethally poisoned (0 -> -12), resistant
A: almost no armour, amphibious, 8 rings, camouflage 1, gelatinous body 1,
(nimble swimmer 1), tentacles, clever 1, robust 1, wild magic 1
a: Renounce Religion


You were on level 5 of the Dungeon.
You worshipped Ashenzari.
Ashenzari was noncommittal.
You visited 2 branches of the dungeon, and saw 6 of its levels.

You collected 136 gold pieces.


Innate Abilities, Weirdness & Mutations

You cannot wear most types of armour.
You are amphibious.
You can wear up to eight rings at the same time.
Your skin changes colour to match your surroundings (Stealth+).
Your rubbery body absorbs attacks. (AC +1, EV +1)
((You are camouflaged when in or above water. (Stealth+)))
You have tentacles for arms and can constrict up to eight enemies at once.
Your mind is acute. (Int +2)
You are robust. (+10% HP)
Your spells are a little harder to cast, but a little more powerful.


   Skills:
 + Level 3.9 Fighting
 + Level 4.3 Dodging
 - Level 5.0 Stealth
 * Level 6.4 Unarmed Combat
 - Level 2.0 Spellcasting
 + Level 2.4 Transmutations
 + Level 1.0 Ice Magic


You had 7 spell levels left.
You knew the following spells:

 Your Spells              Type           Power      Damage    Failure   Level
a - Beastly Appendage     Tmut           24%        N/A       11%         1
b - Spider Form           Tmut/Pois      7%         N/A       43%         3

Your spell library contained the following spells:

 Spells                   Type           Power      Damage    Failure   Level
 Wereblood                Tmut           12%        N/A       16%         2
 Ice Form                 Ice/Tmut       9%         N/A       75%         4

Inventory:

Hand Weapons
 g - a +2 dagger of electrocution (weapon) {short}
   (You took it off a kobold on level 2 of the Dungeon)
Jewellery
 n - a +4 ring of evasion (left tentacle)
   (You found it on level 3 of the Dungeon)
Wands
 q - a wand of flame (12)
   (You found it on level 3 of the Dungeon)
Scrolls
 b - a scroll of blinking {unknown}
 c - a scroll of silence {unknown}
 d - 2 scrolls of teleportation {unknown}
 e - a scroll of amnesia {unknown}
 f - a scroll of identify {unknown}
 j - 2 scrolls of magic mapping {unknown}
 k - a scroll of noise {unknown}
 m - a scroll of vulnerability {unknown}
 o - a scroll of fog {unknown}
 p - 3 scrolls of fear {unknown}
Potions
 h - a potion of mutation {!q}
 i - a potion of invisibility {unknown}
 l - a potion of magic {unknown}

Dungeon Overview and Level Annotations

Branches:
Dungeon (5/15)             Temple (1/1) D:4

Altars:
Ashenzari
Cheibriados
Dithmenos
Elyvilon
Fedhas
Gozag
Hepliaklqana
Okawaru
Qazlal
Ru
Sif Muna
Trog
Uskayaw
Vehumet
Wu Jian
Xom
Yredelemnul
Zin
The Shining One

#.#
#.#.....
#.#
#.#.####
#.#
#.#'####
#.#
#......<
#.#
#.......
####.###
#.......
#......+
#.#+####
#.##.###
#.# #
#@# +.#
#Z# ###
#.# #.#
... #.#
#.# #$#


You could see a hound zombie.


Message History

You puncture the bullfrog zombie! You grab the bullfrog zombie.
You pierce the bullfrog zombie.
You constrict the bullfrog zombie.
The bullfrog zombie completely misses you. x2
MP[+1]
Your mp is fully restored (10).
You hit the bullfrog zombie.
You pierce the bullfrog zombie.
You constrict the bullfrog zombie. The bullfrog zombie misses you.
You barely miss the bullfrog zombie.
You pierce the bullfrog zombie.
You constrict the bullfrog zombie.
You destroy the bullfrog zombie!
No target in view!
No target in view!
No target in view!
No target in view!
No target in view!
No target in view!
No target in view!
No target in view!
No target in view!
No target in view!
No target in view!
Your tentacle spike disappears.
You open the door.
Found an escape hatch in the ceiling.
There is an open door here.
A hound zombie comes into view.
A water moccasin comes into view.
Casting: Beastly Appendage (safe; 9% risk of failure)
Confirm with . or Enter, or press ? or * to list all spells.
The spell is quite dangerous to miscast (38% risk of failure)!
Continue anyway?
Uppercase [Y]es or [N]o only, please.
The spell is quite dangerous to miscast (38% risk of failure)!
Continue anyway? [Y]es or [N]o only, please.
The spell is quite dangerous to miscast (38% risk of failure)!
Continue anyway?
You turn into a venomous arachnid creature.
Your +2 dagger of electrocution {short} melds into your body.
Your +2 dagger of electrocution {short} stops crackling.
The water moccasin hisses angrily.
Your transformation is almost over.
MP[-3]
You lost 3 mp, and now have 7/10 mp.
The water moccasin completely misses you.
You barely miss the water moccasin. The water moccasin closely misses you.
You hit the water moccasin but do no damage.
The water moccasin completely misses you.
You bite the water moccasin! The water moccasin bites you.
The water moccasin bites you!
HP[-13]
You take 13 damage, and now have 34/47 hp.
MASSIVE DAMAGE!! (PAUSE)
You bite the water moccasin!
The water moccasin completely misses you.
You hit the water moccasin.
The water moccasin is poisoned.
The water moccasin bites you!
You are lethally poisoned!
The water moccasin poisons you!
HP[-7] MP[+1]
You take 7 damage, and now have 27/47 hp.
You hit the water moccasin.
You kill the water moccasin!
* * * LOW HITPOINT WARNING * * *
You feel extremely sick.
Your Ice Magic skill increases to level 1!
You have reached level 8!
HP[-4]
You now have 54 max hp (+7).
You hit the hound zombie.
* * * LOW HITPOINT WARNING * * *
You feel very sick. The hound zombie misses you. The hound zombie bites you.
* * * LOW HITPOINT WARNING * * *
HP[-6]
You take 6 damage, and now have 17/54 hp.
You bite the hound zombie!
Your transformation has ended.
Your +2 dagger of electrocution {short} unmelds from your body.
You hear the crackle of electricity.
* * * LOW HITPOINT WARNING * * *
You feel very sick. The hound zombie bites you.
* * * LOW HITPOINT WARNING * * *
HP[-7]
You take 7 damage, and now have 10/54 hp.
You barely miss the hound zombie. Your grab misses the hound zombie.
Your squeeze misses the hound zombie.
* * * LOW HITPOINT WARNING * * *
You feel very sick. The hound zombie barely misses you.
HP[-4]
You take 4 damage, and now have 6/54 hp.
It was a potion of mutation.
You feel extremely strange.
You feel robust.
You feel less in control of your magic.
You feel clever.
* * * LOW HITPOINT WARNING * * *
You feel very sick. The hound zombie misses you.
HP[-4]
You now have 59 max hp (+5).
Okay, then.
It was a potion of resistance.
You feel protected.
You die...

Skill      XL: |  1  2  3  4  5  6  7 |
---------------+----------------------+-----
Stealth        | 1 2 3 4 5 |  5.0
Unarmed Combat | 4 5 6 |  6.4
Fighting       | 2 3 |  3.9
Dodging        | 3 4 |  4.3
Ice Magic      | 1 |  1.0
Spellcasting   | |  2.0
Transmutations | |  2.4

Action                   |  1- 3 |  4- 6 |  7- 9 || total
-------------------------+-------+-------+-------++-------
Melee: Unarmed           |    69 |     1 |    28 ||    98
       Constrict         |    21 |    21 |     8 ||    50
       Kick              |    16 |    20 |    10 ||    46
       Tentacles         |    11 |    16 |    10 ||    37
       Punch             |     2 |     1 |       ||     3
       Dagger            |       |    77 |    26 ||   103
 Cast: Beastly Appendage |    21 |    30 |     7 ||    58
       Spider Form       |       |       |     5 ||     5
  Use: Potion            |       |       |     2 ||     2
 Stab: Sleeping          |     8 |    11 |     1 ||    20
Armor: Skin              |    13 |     2 |     2 ||    17
Dodge: Dodged            |    46 |    61 |    29 ||   136

Levels and vault maps discovered:
D:1:      dpeg_arrival_pits, layout_loops_ring,
          dreamdust_ecumenical_altar_drowned_temple
D:2:      layout_basic, nicolae_figureground_pulse
D:3:      layout_loops_ring, lemuel_zombie_altar_yredelemnul,
          mainiacjoe_overflow_chevrons, lemuel_tele_altar,
          minmay_misc_feat_hallway, kennysheep_generic_room_13
D:4:      minmay_recursive_quarters, layout_loops_ring, minitemple,
          minmay_temple_entry_waves
D:5:      black_bear_nest_1, layout_basic, uniq_sigmund, uniq_duvessa
Temple:   nicolae_temple_god_jail

Notes
Turn   | Place    | Note
-------+----------+-------------------------------------------
     0 | D:1      | zeratav the Octopode Transmuter began the quest for the
                  | Orb.
     0 | D:1      | Reached XP level 1. HP: 13/13 MP: 3/3
     0 | D:1      | magus.rc [v1.9.6]
   243 | D:1      | Reached XP level 2. HP: 18/18 MP: 3/5
   267 | D:1      | Reached skill level 1 in Stealth
   270 | D:1      | HP: 4/18 [bat (1)]
   620 | D:1      | Reached XP level 3. HP: 23/23 MP: 4/6
   779 | D:1      | Found a faded altar of an unknown god.
  1766 | D:2      | Reached skill level 2 in Stealth
  1766 | D:2      | Reached XP level 4. HP: 29/29 MP: 5/7
  2505 | D:3      | Found a shimmering blue altar of Sif Muna.
  2571 | D:3      | Reached skill level 4 in Unarmed Combat
  2675 | D:3      | HP: 6/29 [water moccasin zombie (4)]
  2677 | D:3      | Reached skill level 2 in Fighting
  2677 | D:3      | Reached XP level 5. HP: 8/34 MP: 8/8
  2917 | D:3      | Found a basalt altar of Yredelemnul.
  3197 | D:3      | Found a sacrificial altar of Ru.
  3626 | D:4      | Reached skill level 3 in Dodging
  3626 | D:4      | Reached skill level 3 in Stealth
  3629 | D:4      | Found a staircase to the Ecumenical Temple.
  3661 | Temple   | Entered the Ecumenical Temple
  3709 | Temple   | Became a worshipper of Ashenzari the Shackled
  3901 | D:4      | Noticed an ogre
  3909 | D:4      | HP: 6/35 [hound (6)]
  3920 | D:4      | Reached XP level 6. HP: 8/41 MP: 9/9
  3954 | D:4      | Reached skill level 5 in Unarmed Combat
  4171 | D:4      | Learned a level 3 spell: Spider Form
  4315 | D:4      | Found a white marble altar of Elyvilon.
  4319 | D:4      | Found an ornate altar of the Wu Jian Council.
  4321 | D:4      | Found a glowing golden altar of the Shining One.
  4582 | D:4      | Reached skill level 3 in Fighting
  4582 | D:4      | Reached skill level 4 in Stealth
  4582 | D:4      | Reached XP level 7. HP: 24/46 MP: 10/10
  5047 | D:5      | Entered Level 5 of the Dungeon
  5195 | D:5      | HP: 3/46 [orc warrior/+0 war axe (15)]
  5197 | D:5      | Reached skill level 4 in Dodging
  5197 | D:5      | Reached skill level 6 in Unarmed Combat
  5612 | D:5      | Reached skill level 5 in Stealth
  5794 | D:5      | Reached skill level 1 in Ice Magic
  5794 | D:5      | Reached XP level 8. HP: 23/54 MP: 8/11
  5795 | D:5      | HP: 12/54 [poisoned by a water moccasin]
  5797 | D:5      | Gained mutation: You are robust. (+10% HP) [potion of
                  | mutation]
  5797 | D:5      | Gained mutation: Your spells are a little harder to cast,
                  | but a little more powerful. [potion of mutation]
  5797 | D:5      | Gained mutation: Your mind is acute. (Int +2) [potion of
                  | mutation]
  5797 | D:5      | HP: 2/59 [poisoned by a water moccasin]
  5798 | D:5      | Succumbed to a water moccasin's poison

Vanquished Creatures
  A water moccasin (D:5)
  An orc warrior (D:5)
  A necrophage (D:4)
  2 ogres (D:4)
  A scorpion (D:5)
  A water moccasin zombie (D:3)
  A water moccasin skeleton (D:4)
  A bullfrog zombie (D:5)
  2 hounds
  An orc priest (D:5)
  A scorpion zombie (D:3)
  2 hound skeletons (D:4)
  A howler monkey skeleton (D:4)
  5 adders
  A gnoll (D:1)
  3 worms
  3 dart slugs
  4 orcs
  5 endoplasms
  5 giant cockroaches
  3 goblins
  5 hobgoblins
  6 jackals
  4 quokkas
  10 ball pythons
  7 bats
  2 frilled lizards (D:3)
  7 kobolds
  3 rats
  A spectral kobold (D:1)
90 creatures vanquished.

Table legend:
 A = Non-vault XP
 B = Vault XP
 C = Vault XP percentage of total XP
 D = Non-vault monster count
 E = Vault monster count
 F = Vault count percentage of total count
                 A         B        C        D         E       F
            +---------+---------+-------+---------+---------+-------
      Total |     869 |     461 |  34.7 |      77 |      13 |  14.4
            +---------+---------+-------+---------+---------+-------
        D:1 |      54 |       1 |   1.8 |      23 |       1 |   4.2
        D:2 |      36 |       0 |   0.0 |      12 |       0 |   0.0
        D:3 |      25 |     123 |  83.1 |      15 |       3 |  16.7
        D:4 |     277 |     337 |  54.9 |      20 |       9 |  31.0
        D:5 |     477 |       0 |   0.0 |       7 |       0 |   0.0
            +---------+---------+-------+---------+---------+-------

Illustrated notes

Table legend:
 A = Kills in this place as a percentage of kills in entire the game.
 B = Kills by you in this place as a percentage of kills by you in the entire game.
 C = Kills by friends in this place as a percentage of kills by friends in the entire game.
 D = Other kills in this place as a percentage of other kills in the entire game.
 E = Experience gained in this place as a percentage of experience gained in the entire game.
 F = Experience gained in this place divided by the number of levels of this place that you have seen.
                   A       B       C       D       E      F
               +-------+-------+-------+-------+-------+----------------------
         Total | 100.0 | 100.0 |   N/A |   N/A | 100.0 | 221.7
       Dungeon | 100.0 | 100.0 |   N/A |   N/A | 100.0 | 266.0
               +-------+-------+-------+-------+-------+----------------------

Table legend: (Time is in decaauts)
 A = Elapsed time spent in this place.
 B = Non-inter-level travel time spent in this place.
 C = Inter-level travel time spent in this place.
 D = Time resting spent in this place.
 E = Time spent auto-exploring this place.
 F = Levels seen in this place.
 G = Mean time per level.
                   A        B        C        D        E       F      G
               +--------+--------+--------+--------+--------+-----+--------+
         Total |   5789 |   5622 |    167 |   1185 |   3747 |   6 |  964.8 |
       Dungeon |   5731 |   5587 |    144 |   1185 |   3725 |   5 | 1146.2 |
        Temple |     57 |     35 |     22 |      0 |     22 |   1 |   57.0 |
               +--------+--------+--------+--------+--------+-----+--------+

Top non-repeatable levels by time:
     D:4: 1474 daAuts
     D:2: 1269 daAuts
     D:3: 1213 daAuts
     D:1: 1126 daAuts
     D:5: 648 daAuts
  Temple: 57 daAuts
